 Dungeon Crawl Stone Soup version 0.15.2 (webtiles) character file.

7881 Badjas the Hoplite (level 11, 0/84 HPs)
             Began as a Formicid Fighter on Apr 6, 2015.
             Was a High Priest of Okawaru.
             Succumbed to Sonja's poison
             ... on Level 10 of the Dungeon on Apr 7, 2015.
             The game lasted 01:06:56 (10076 turns).

Badjas the Hoplite (Formicid Fighter)              Turns: 10076, Time: 01:06:56

HP   0/84        AC 22     Str 32      XL: 11   Next: 45%
MP  13/16        EV  9     Int  7      God: Okawaru [*****.]
Gold 586         SH 15     Dex 10      Spells:  0 memorised, 10 levels left

rFire  . . .     SeeInvis +     a - +0 great sword
rCold  + . .     Clarity  .     H - +0 plate armour
rNeg   . . .     rCorr    .     c - +0 shield
rPois  .         rRot     .     (helmet unavailable)
rElec  .         Spirit   .     (no cloak)
SustAb .         Warding  .     T - +1 pair of gloves
rMut   .         Stasis   +     y - +2 pair of boots
Gourm  .                        z - cursed amulet of faith
MR     +....                    O - ring of protection from cold
                                k - ring of regeneration

@: mighty, lethally poisoned, heroism, somewhat resistant to hostile
enchantments, extremely unstealthy
A: permanent stasis, dig shafts and tunnels, four strong arms, antennae 3,
strong 1
a: Dig, Shaft Self, Heroism, Renounce Religion


You were on level 10 of the Dungeon.
You worshipped Okawaru.
Okawaru was extremely pleased with you.
You were very hungry.

You visited 2 branches of the dungeon, and saw 11 of its levels.
You also visited: Ossuary.

You collected 586 gold pieces.

Inventory:

Hand weapons
 a - a +0 great sword (weapon)
 b - a +4 hunting sling of freezing
 u - a +0 blowgun
 M - a +0 hand crossbow
Missiles
 f - 112 bolts
 h - 154 stones (quivered)
 j - 16 poisoned needles
 P - 13 tomahawks
 Q - 17 bolts of flame
 S - 14 sling bullets of frost
 U - 6 curare-tipped needles
Armour
 c - a +0 shield (worn)
 y - a +2 pair of boots (worn)
 D - a +1 pair of boots
 H - a +0 plate armour (worn)
 T - a +1 pair of gloves (worn)
Magical devices
 o - a wand of polymorph (23)
 A - a wand of flame (5)
 B - a wand of paralysis (16)
 E - a wand of confusion (14)
 I - a wand of magic darts (9)
 W - a wand of polymorph (10)
 Y - a wand of fireball (5) {unknown}
Comestibles
 d - 9 bread rations
 m - 13 royal jellies
 t - 4 fruits
 v - a rotting chunk of orc flesh
 X - 10 slices of pizza
Scrolls
 l - 2 scrolls of magic mapping
 s - a scroll of fog
 x - a scroll of recharging
 F - 3 scrolls of enchant weapon
 G - a scroll of fear
 J - 3 scrolls of amnesia
 Z - a scroll of remove curse
Jewellery
 k - a ring of regeneration (left hand)
 z - a cursed amulet of faith (around neck)
 K - the cursed ring "Puim" {rC+ Int+6}
   (You found it in an ossuary)

   [ring of intelligence]

   It affects your intelligence (+6).
   It protects you from cold.
   It has a curse placed upon it.
 O - a ring of protection from cold (right hand)
 R - an uncursed ring of ice
Potions
 g - a potion of mutation
 i - a potion of restore abilities
 n - 2 potions of flight
 N - 4 potions of brilliance
Books
 p - a book of Death

   Spells                             Type                      Level
   Corpse Rot                         Necromancy                   2
   Sublimation of Blood               Necromancy                   2
   Agony                              Necromancy                   5
   Dispel Undead                      Necromancy                   5
   Excruciating Wounds                Charms/Necromancy            5
   Bolt of Draining                   Conjuration/Necromancy       5
 r - Sif Muna's Almanac of Arcane Weapons
   (You found it on level 8 of the Dungeon)

   Spells                             Type                      Level
   Magic Dart                         Conjuration                  1
 w - a book of Air

   Spells                             Type                      Level
   Shock                              Conjuration/Air              1
   Swiftness                          Charms/Air                   2
   Repel Missiles                     Charms/Air                   2
   Flight                             Charms/Air                   3
   Static Discharge                   Conjuration/Air              3
   Lightning Bolt                     Conjuration/Air              5
Miscellaneous
 L - a fan of gales


   Skills:
 + Level 7.4(12.4) Fighting
 + Level 7.4(12.4) Long Blades
 - Level 1.0(7.2) Slings
 - Level 2.2(7.3) Throwing
 + Level 9.1(14.1) Armour
 + Level 5.6(10.6) Dodging
 + Level 1.3(6.3) Stealth
 + Level 11.7(16.7) Shields
 + Level 0.8 Evocations


You had 10 spell levels left.
You didn't know any spells.

Dungeon Overview and Level Annotations

Branches:
Dungeon (10/15)            Temple (1/1) D:6            Lair (0/8) D:8
    Orc: D:9-12

Altars:
Ashenzari
Cheibriados
Dithmenos
Elyvilon
Fedhas
Kikubaaqudgha
Makhleb
Nemelex Xobeh
Okawaru
Qazlal
Sif Muna
Trog
Vehumet
Xom
Yredelemnul
Zin
The Shining One

Annotations:
D:10 Sonja, Urug


Innate Abilities, Weirdness & Mutations

Your are under a permanent stasis effect.
You can dig through walls and to a lower floor.
Your four strong arms can wield two-handed weapons with a shield.
You have a pair of large antennae on your head (SInv).
Your muscles are strong. (Str +2)


Message History

You closely miss Sonja.
Sonja is almost dead.
* * * LOW HITPOINT WARNING * * *
You feel extremely sick. You block Sonja's attack.
Sonja hits you but does no damage.
You are more poisoned.
Sonja hits you but does no damage.
You are more poisoned.
Drink which item? (? for menu, Esc to quit)
Okay, then.
Use which ability? (? or * to list)
You feel more confident with your borrowed prowess.
You feel slightly more hungry.
* * * LOW HITPOINT WARNING * * *
You feel extremely sick. You block Sonja's attack. Sonja barely misses you.
You block Sonja's attack.
Unknown command.
You miss Sonja.
Sonja is almost dead.
You die...

..####.##..###...#.........#
..# #'##..# #...#.........#
### ####### ##..###########
# #..# # #..# # #..# #
##..## # ##....## #
##(((@..## #...##K..#
#..####..# #..## ..# #%..#
..# #........# #(.........#
# #...######... # ....# #..


You could see Sonja.

Vanquished Creatures
  Fannar (D:10)
  A gargoyle (D:10)
  A queen bee (D:9)
  A wandering mushroom (D:8)
  A troll (D:10)
  3 yaks (D:10)
  Eustachio (D:5)
  A spriggan (D:9)
  2 deep elf magi
  A steam dragon (D:10)
  2 orc warriors
  A sky beast (D:7)
  3 black bears
  2 necrophages
  A phantom (D:6)
  A centaur (D:10)
  7 ogres
  Duvessa (D:6)
  2 big kobolds
  4 giant frogs
  An elf zombie (Ossuary)
  Blork the orc (D:4)
  An electric eel (D:9)
  3 wights (D:6)
  A tengu skeleton (D:10)
  28 killer bees
  7 orc priests
  Dowan (D:6)
  3 crimson imps
  2 quasits
  2 human zombies (Ossuary)
  A jelly (D:10)
  7 orc wizards
  An elf skeleton (D:7)
  Natasha (thrice) (D:5)
  6 iguanas
  7 worker ants
  2 big kobold zombies (Ossuary)
  5 mummies
  4 gnolls (D:4)
  13 adders
  2 shadow imps
  2 worms
  2 orc zombies
  An adder skeleton (D:6)
  An orc skeleton (D:8)
  6 giant geckos
  An ooze (D:2)
  36 orcs
  2 ball pythons
  12 bats
  4 giant cockroaches
  A gnoll zombie (Ossuary)
  14 hobgoblins
  8 jackals
  6 quokkas
  4 giant newts
  2 giant spores
  7 goblins
  3 goblin zombies
  2 hobgoblin zombies (Ossuary)
  24 kobolds
  A kobold skeleton (D:4)
  9 rats
  2 rat zombies (Ossuary)
  4 ballistomycetes
292 creatures vanquished.

Vanquished Creatures (others)
  An adder zombie (Ossuary)
1 creature vanquished.

Grand Total: 293 creatures vanquished

Notes
Turn   | Place    | Note
--------------------------------------------------------------
     0 | D:1      | Badjas, the Formicid Fighter, began the quest for the Orb.
     0 | D:1      | Reached XP level 1. HP: 18/18 MP: 1/1
   134 | D:1      | Reached XP level 2. HP: 24/24 MP: 3/3
   655 | D:2      | Reached XP level 3. HP: 16/30 MP: 4/4
   977 | D:2      | Reached skill level 4 in Fighting
   991 | D:2      | Found a stormy altar of Qazlal.
  1119 | D:2      | Reached skill level 1 in Dodging
  1403 | D:3      | Reached XP level 4. HP: 37/37 MP: 5/5
  1709 | D:3      | Found a shadowy altar of Dithmenos.
  1782 | D:3      | Reached XP level 5. HP: 37/42 MP: 7/7
  2066 | D:4      | Reached XP level 6. HP: 21/48 MP: 8/8
  2183 | D:4      | Found a snail-covered altar of Cheibriados.
  2184 | D:4      | Noticed Blork the orc
  2201 | D:4      | Killed Blork the orc
  2300 | D:4      | Reached skill level 5 in Armour
  2330 | D:4      | Noticed an ogre
  2337 | D:4      | Noticed an ogre
  2358 | D:4      | Killed an ogre
  2358 | D:4      | Reached XP level 7. HP: 35/55 MP: 9/9
  2447 | D:4      | Killed an ogre
  2447 | D:4      | Reached skill level 5 in Shields
  2503 | D:4      | Found a radiant altar of Vehumet.
  3040 | D:5      | Entered Level 5 of the Dungeon
  3049 | D:5      | Noticed Eustachio
  3150 | D:5      | Found a burning altar of Makhleb.
  3245 | D:5      | Reached skill level 5 in Fighting
  3245 | D:5      | Reached skill level 1 in Stealth
  3246 | D:5      | Reached XP level 8. HP: 51/61 MP: 11/11
  3247 | D:5      | Gained mutation: You evolve. [potion of beneficial mutation]
  3272 | D:5      | Noticed Natasha
  3316 | D:5      | Killed Natasha
  3321 | D:5      | Noticed Natasha
  3330 | D:5      | Killed Natasha
  3484 | D:5      | Noticed Natasha
  3490 | D:5      | Killed Natasha
  3613 | D:5      | Killed Eustachio
  3613 | D:5      | Reached skill level 6 in Armour
  3942 | D:6      | Found a sand-covered staircase.
  3959 | Ossuary  | Entered an ossuary
  4192 | Ossuary  | Got a sparkling lead ring
  4402 | D:6      | Reached XP level 9. HP: 42/68 MP: 12/12
  4527 | D:6      | Found a glowing golden altar of the Shining One.
  4590 | D:6      | Found a staircase to the Ecumenical Temple.
  4599 | Temple   | Entered the Ecumenical Temple
  4630 | Temple   | Became a worshipper of Warmaster Okawaru
  4764 | D:6      | Reached skill level 7 in Shields
  4877 | D:6      | Noticed Dowan
  4881 | D:6      | Noticed Duvessa
  4900 | D:6      | Killed Dowan
  4924 | D:6      | Killed Duvessa
  4959 | D:6      | Found a sparkling altar of Nemelex Xobeh.
  5307 | D:6      | Reached skill level 5 in Long Blades
  5698 | D:7      | Acquired Okawaru's first power
  5738 | D:7      | Reached skill level 8 in Shields
  5957 | D:7      | Identified a scroll of acquirement
  6346 | D:8      | Found a staircase to the Lair.
  6359 | D:8      | Noticed a wandering mushroom
  6454 | D:8      | Killed a wandering mushroom
  6454 | D:8      | Reached XP level 10. HP: 76/76 MP: 13/13
  6612 | D:8      | Found a blossoming altar of Fedhas.
  6644 | D:8      | Got a pitted turquoise ring
  6746 | D:8      | Reached skill level 1 in Slings
  6746 | D:8      | Reached skill level 9 in Shields
  6955 | D:8      | Found a deep blue altar of Sif Muna.
  7002 | D:8      | Identified Sif Muna's Almanac of Arcane Weapons
  7769 | D:9      | Got a sapphire-encrusted leather armour
  7948 | D:9      | Identified the ring of Neduwken {Contam AC+3 Dex+1 Slay-1} (You found it on level 8 of the Dungeon)
  7961 | D:9      | Identified the cursed ring "Puim" {rC+ Int+6} (You found it in an ossuary)
  8027 | D:9      | Identified the +3 leather armour of Skosinwo {+Blink} (You found it on level 9 of the Dungeon)
  8271 | D:9      | Reached skill level 1 in Throwing
  8336 | D:9      | Reached skill level 10 in Shields
  8900 | D:9      | Reached skill level 5 in Dodging
  9173 | D:9      | Reached XP level 11. HP: 68/83 MP: 16/16
  9270 | D:10     | Entered Level 10 of the Dungeon
  9366 | D:10     | Lost mutation: You evolve. [end of evolution]
  9376 | D:10     | Reached skill level 11 in Shields
  9395 | D:10     | Noticed Fannar
  9424 | D:10     | Killed Fannar
  9445 | D:10     | Gained mutation: Your muscles are strong. (Str +2) [potion of beneficial mutation]
  9460 | D:10     | Acquired Okawaru's second power
  9600 | D:10     | Noticed Urug
  9947 | D:10     | Noticed an unseen horror
 10011 | D:10     | Noticed Sonja
 10076 | D:10     | Succumbed to Sonja's poison

Action                   |  1- 3 |  4- 6 |  7- 9 | 10-12 || total
-------------------------+-------+-------+-------+-------++-------
Melee: Long sword        |   102 |   178 |   383 |       ||   663
       Great sword       |       |       |   263 |   393 ||   656
 Fire: Hunting sling     |       |       |     8 |     2 ||    10
       Blowgun           |       |       |       |    94 ||    94
Throw: Throwing net      |     2 |     1 |     1 |     1 ||     5
       Stone             |       |       |     1 |     3 ||     4
Invok: Heroism           |       |       |       |     3 ||     3
 Abil: Dig               |       |       |     5 |     4 ||     9
Evoke: Wand              |       |     1 |     4 |     2 ||     7
  Use: Scroll            |     4 |     6 |    11 |     2 ||    23
       Potion            |       |       |     2 |    13 ||    15
  Eat: Chunk             |     2 |     5 |    11 |     8 ||    26
       Meat ration       |       |       |     1 |     1 ||     2
       Pizza             |       |       |     1 |       ||     1
       Royal jelly       |       |       |       |     1 ||     1
       Fruit             |       |       |       |     1 ||     1
